| TOP OF THE 1ST |
|
California Angels batting - Pitching for Boston Red Sox : LHP Dom Chiti
|
|
Pitching: LHP Dom Chiti
|
|
|
Batting: RHB Jeff Atherton
|
0-0: Called Strike 0-1: Foul Ball, location: 2F 0-2: Ball 1-2: Foul Ball, location: 2F 1-2: Ground out U3 (Groundball, 3S, EV 71.9 MPH)
|
|
Batting: RHB Frank White
|
0-0: Called Strike 0-1: Ball 1-1: SINGLE (Groundball, 6M, EV 88.8 MPH) (infield hit)
|
|
Batting: SHB Jon Hernandez
|
0-0: Called Strike 0-1: SINGLE (Groundball, 6MD, EV 98.1 MPH) Frank White to second Runner from 2nd tries for 3rd, SAFE, throw by CF made to third Jon Hernandez to second
|
|
Batting: LHB Jason D Thompson
|
0-0: Ball 1-0: Foul Ball, location: 2F 1-1: Called Strike 1-2: Ball 2-2: Foul Ball, location: 2F 2-2: Strikes out looking
|
|
Batting: RHB Charlie Moore
|
0-0: Called Strike 0-1: Ground out 5-3 (Groundball, 5, EV 106.9 MPH)
|
| Top of the 1st over - 0 runs, 2 hits, 0 errors, 2 left on base; California 0 - Boston 0 |
| BOTTOM OF THE 1ST |
|
Boston Red Sox batting - Pitching for California Angels : RHP Adrian Devine
|
|
Pitching: RHP Adrian Devine
|
|
|
Batting: RHB Richie Zisk
|
0-0: Ball 1-0: Ball 2-0: Called Strike 2-1: Swinging Strike 2-2: Strikes out looking
|
|
Batting: LHB Willie Aikens
|
0-0: Foul Ball, location: 2F 0-1: Ground out 4-3 (Groundball, 4, EV 88.8 MPH)
|
|
Batting: RHB Jeff Burroughs
|
0-0: Called Strike 0-1: Fly out, F8 (Flyball, 8RS, EV 93.1 MPH)
|
| Bottom of the 1st over - 0 runs, 0 hits, 0 errors, 0 left on base; California 0 - Boston 0 |
| TOP OF THE 2ND |
|
California Angels batting - Pitching for Boston Red Sox : LHP Dom Chiti
|
|
Batting: RHB Carlos Pimentel
|
0-0: Ball 1-0: Swinging Strike 1-1: Ground out 6-3 (Groundball, 6S, EV 76.9 MPH)
|
|
Batting: LHB Brian Rosinski
|
0-0: Ball 1-0: Called Strike 1-1: Ball 2-1: Swinging Strike 2-2: Hit by Pitch
|
|
Batting: SHB Manny Castillo
|
0-0: Called Strike 0-1: Swinging Strike 0-2: Ball 1-2: Fly out, F8 (Line Drive, 8LM, EV 93.8 MPH)
|
|
Batting: SHB Ignacio Medina
|
0-0: Called Strike 0-1: SINGLE (Line Drive, 6MD, EV 101.3 MPH) Brian Rosinski to second Runner from 2nd tries for 3rd, SAFE, throw by CF made to third
|
|
Batting: RHB Jeff Atherton
|
0-0: Ball 1-0: Ball 2-0: Called Strike 2-1: Foul Ball, location: 2F 2-2: Fielders Choice at 2nd, U6 (Groundball, 6M, EV 102.5 MPH)
|
| Top of the 2nd over - 0 runs, 1 hit, 0 errors, 2 left on base; California 0 - Boston 0 |
| BOTTOM OF THE 2ND |
|
Boston Red Sox batting - Pitching for California Angels : RHP Adrian Devine
|
|
Batting: LHB George Brett
|
0-0: Swinging Strike 0-1: Ball 1-1: Ball 2-1: Ground out 4-3 (Groundball, 4, EV 85.6 MPH)
|
|
Batting: LHB Karl Pagel
|
0-0: Ball 1-0: Called Strike 1-1: Ball 2-1: DOUBLE (Line Drive, 9LM, EV 110.0 MPH)
|
|
Batting: SHB Reggie Smith
|
0-0: Ball 1-0: Called Strike 1-1: Called Strike 1-2: Foul Ball, location: 2F 1-2: Foul Ball, location: 2F 1-2: Ball Wild Pitch! Karl Pagel to third 2-2: Ball 3-2: Foul Ball, location: 2F 3-2: Fly out, F8 (Flyball, 89D, EV 81.9 MPH) Runner from 3rd tags up, SCORES, throw by CF
|
|
Batting: SHB Dave Collins
|
0-0: SINGLE (Line Drive, 89M, EV 98.1 MPH)
|
|
Batting: SHB Phil Ouellette
|
0-0: Ball 1-0: SINGLE (Line Drive, 8LS, EV 98.1 MPH) Dave Collins to second Runner from 2nd tries for 3rd, SAFE, no throw by CF
|
|
Batting: SHB Nelson Norman
|
0-0: Called Strike 0-1: Ball 1-1: Ball 2-1: Fly out, F5 (Popup, 56S, EV 76.9 MPH)
|
| Bottom of the 2nd over - 1 run, 3 hits, 0 errors, 2 left on base; California 0 - Boston 1 |
| TOP OF THE 3RD |
|
California Angels batting - Pitching for Boston Red Sox : LHP Dom Chiti
|
|
Batting: RHB Frank White
|
0-0: Ball 1-0: Ball 2-0: Called Strike 2-1: Ball 3-1: Base on Balls
|
|
Batting: SHB Jon Hernandez
|
0-0: Called Strike 0-1: Ball 1-1: Ball 2-1: Foul Ball, location: 2F 2-2: Ball Frank White steals 2nd base 3-2: Ground out 6-3 (Groundball, 6, EV 85.6 MPH) Frank White to third
|
|
Batting: LHB Jason D Thompson
|
0-0: Called Strike 0-1: Swinging Strike 0-2: Ball 1-2: Foul Ball, location: 2F 1-2: Strikes out swinging
|
|
Batting: RHB Charlie Moore
|
0-0: Ball 1-0: Ball 2-0: Called Strike 2-1: DOUBLE (Line Drive, 89D, EV 110.6 MPH) Frank White scores
|
|
Batting: RHB Carlos Pimentel
|
0-0: Ball Wild Pitch! Charlie Moore to third 1-0: Ground out 1-3 (Groundball, 13S, EV 66.9 MPH)
|
| Top of the 3rd over - 1 run, 1 hit, 0 errors, 1 left on base; California 1 - Boston 1 |
| BOTTOM OF THE 3RD |
|
Boston Red Sox batting - Pitching for California Angels : RHP Adrian Devine
|
|
Batting: RHB Richie Zisk
|
0-0: Called Strike 0-1: Ball 1-1: Swinging Strike 1-2: Ground out 5-3 (Groundball, 56S, EV 78.1 MPH)
|
|
Batting: LHB Willie Aikens
|
0-0: Called Strike 0-1: SOLO HOME RUN (Flyball, 8LXD, EV 106.9 MPH), Distance : 443 ft
|
|
Batting: RHB Jeff Burroughs
|
0-0: Ball 1-0: Called Strike 1-1: Swinging Strike 1-2: Ball 2-2: Ball 3-2: Foul Ball, location: 2F 3-2: Foul Ball, location: 2F 3-2: Foul Ball, location: 2F 3-2: SINGLE (Line Drive, 4MD, EV 95.0 MPH)
|
|
Batting: LHB George Brett
|
0-0: Fielders Choice at 2nd, 3-6 (Groundball, 34S, EV 93.1 MPH)
|
|
Batting: LHB Karl Pagel
|
0-0: Fly out, F8 (Flyball, 8LM, EV 83.1 MPH)
|
| Bottom of the 3rd over - 1 run, 2 hits, 0 errors, 1 left on base; California 1 - Boston 2 |
| TOP OF THE 4TH |
|
California Angels batting - Pitching for Boston Red Sox : LHP Dom Chiti
|
|
Batting: LHB Brian Rosinski
|
0-0: SINGLE (Groundball, 34D, EV 100.0 MPH)
|
|
Batting: SHB Manny Castillo
|
0-0: Called Strike 0-1: Ball 1-1: Ball 2-1: Ball 3-1: Fly out, F8 (Flyball, 89XD, EV 95.6 MPH)
|
|
Batting: SHB Ignacio Medina
|
0-0: Ball 1-0: Ball 2-0: Grounds into double play, 6-4-3 (Groundball, 6, EV 83.8 MPH)
|
| Top of the 4th over - 0 runs, 1 hit, 0 errors, 0 left on base; California 1 - Boston 2 |
| BOTTOM OF THE 4TH |
|
Boston Red Sox batting - Pitching for California Angels : RHP Adrian Devine
|
|
Batting: SHB Reggie Smith
|
0-0: Fly out, F9 (Flyball, 9S, EV 85.6 MPH)
|
|
Batting: SHB Dave Collins
|
0-0: Called Strike 0-1: Ball 1-1: Fly out, F9 (Flyball, 9LS, EV 88.1 MPH)
|
|
Batting: SHB Phil Ouellette
|
0-0: Foul Ball, location: 2F 0-1: Foul Ball, location: 2F 0-2: Ball 1-2: Ball 2-2: Ball 3-2: SINGLE (Groundball, 34D, EV 101.9 MPH)
|
|
Batting: SHB Nelson Norman
|
0-0: Ball 1-0: Swinging Strike 1-1: Swinging Strike 1-2: SINGLE (Groundball, 34D, EV 108.8 MPH) Phil Ouellette to second Runner from 2nd tries for 3rd, SAFE, no throw by RF
|
|
Batting: RHB Richie Zisk
|
0-0: Ball 1-0: Foul Ball, location: 2F 1-1: Ball 2-1: Ball Wild Pitch! Phil Ouellette scores Nelson Norman to second 3-1: DOUBLE (Line Drive, 7LS, EV 110.6 MPH) Nelson Norman scores
|
|
Batting: LHB Willie Aikens
|
0-0: Ground out 4-3 (Groundball, 4, EV 90.0 MPH)
|
| Bottom of the 4th over - 2 runs, 3 hits, 0 errors, 1 left on base; California 1 - Boston 4 |
| TOP OF THE 5TH |
|
California Angels batting - Pitching for Boston Red Sox : LHP Dom Chiti
|
|
Batting: RHB Jeff Atherton
|
0-0: Ball 1-0: Reached on error, E6 (Popup, 6MS, EV 63.1 MPH)
|
|
Batting: RHB Frank White
|
0-0: Ball 1-0: Called Strike 1-1: Foul Ball, location: 2F 1-2: Fly out, F8 (Flyball, 8RM, EV 91.9 MPH)
|
|
Batting: SHB Jon Hernandez
|
0-0: Ball 1-0: Fly out, F7 (Line Drive, 7, EV 96.9 MPH)
|
|
Batting: LHB Jason D Thompson
|
0-0: Called Strike 0-1: Ball 1-1: Called Strike 1-2: Foul Ball, location: 2F 1-2: Strikes out looking
|
| Top of the 5th over - 0 runs, 0 hits, 1 error, 1 left on base; California 1 - Boston 4 |
| BOTTOM OF THE 5TH |
|
Boston Red Sox batting - Pitching for California Angels : RHP Adrian Devine
|
|
Batting: RHB Jeff Burroughs
|
0-0: Ball 1-0: Foul Ball, location: 2F 1-1: Ball 2-1: SINGLE (Groundball, 4MD, EV 95.0 MPH)
|
|
Batting: LHB George Brett
|
0-0: Foul Ball, location: 2F 0-1: Ball 1-1: Ball 2-1: Grounds into double play, 4-6-3 (Groundball, 4, EV 106.9 MPH)
|
|
Batting: LHB Karl Pagel
|
0-0: Ball 1-0: Foul Ball, location: 2F 1-1: Ball 2-1: Foul Ball, location: 2F 2-2: Fly out, F8 (Flyball, 8LS, EV 88.1 MPH)
|
| Bottom of the 5th over - 0 runs, 1 hit, 0 errors, 0 left on base; California 1 - Boston 4 |
| TOP OF THE 6TH |
|
California Angels batting - Pitching for Boston Red Sox : LHP Dom Chiti
|
|
Batting: RHB Charlie Moore
|
0-0: Ball 1-0: Swinging Strike 1-1: Ball 2-1: Fly out, F7 (Flyball, 7S, EV 90.0 MPH)
|
|
Batting: RHB Carlos Pimentel
|
0-0: Foul Ball, location: 2F 0-1: Ball 1-1: Ball 2-1: Ground out 6-3 (Groundball, 56D, EV 96.3 MPH)
|
|
Batting: LHB Brian Rosinski
|
0-0: Called Strike 0-1: Ball 1-1: Ball 2-1: Foul Ball, location: 2F 2-2: Strikes out swinging
|
| Top of the 6th over - 0 runs, 0 hits, 0 errors, 0 left on base; California 1 - Boston 4 |
| BOTTOM OF THE 6TH |
|
Boston Red Sox batting - Pitching for California Angels : RHP Adrian Devine
|
|
Batting: SHB Reggie Smith
|
0-0: Ball 1-0: Ball 2-0: Foul Ball, location: 2F 2-1: Ball 3-1: Fly out, F8 (Flyball, 8RS, EV 83.8 MPH)
|
|
Batting: SHB Dave Collins
|
0-0: Called Strike 0-1: Ball 1-1: Fly out, F8 (Line Drive, 8LD, EV 90.6 MPH)
|
|
Batting: SHB Phil Ouellette
|
0-0: Called Strike 0-1: Ball 1-1: Ball 2-1: SINGLE (Line Drive, 34D, EV 96.9 MPH)
|
|
Batting: SHB Nelson Norman
|
0-0: Ball 1-0: Called Strike 1-1: Foul Ball, location: 2F 1-2: Fly out, F5 (Popup, 5, EV 73.8 MPH)
|
| Bottom of the 6th over - 0 runs, 1 hit, 0 errors, 1 left on base; California 1 - Boston 4 |
| TOP OF THE 7TH |
|
California Angels batting - Pitching for Boston Red Sox : LHP Dom Chiti
|
|
Batting: SHB Manny Castillo
|
0-0: Swinging Strike 0-1: Ground out 4-3 (Groundball, 4MD, EV 107.5 MPH)
|
|
Batting: SHB Ignacio Medina
|
0-0: Ball 1-0: SINGLE (Line Drive, 6M, EV 95.0 MPH)
|
|
Batting: RHB Jeff Atherton
|
0-0: Ground out 3-1 (Groundball, 34S, EV 90.6 MPH) Ignacio Medina to second
|
|
Batting: RHB Frank White
|
0-0: Swinging Strike 0-1: Foul Ball, location: 2F 0-2: Ball 1-2: Foul Ball, location: 2F 1-2: Ground out 6-3 (Groundball, 56, EV 87.5 MPH)
|
| Top of the 7th over - 0 runs, 1 hit, 0 errors, 1 left on base; California 1 - Boston 4 |
| BOTTOM OF THE 7TH |
|
Boston Red Sox batting - Pitching for California Angels : RHP Adrian Devine
|
|
Batting: RHB Richie Zisk
|
0-0: Ball 1-0: Fly out, F9 (Flyball, 89M, EV 87.5 MPH)
|
|
Batting: LHB Willie Aikens
|
0-0: Hit by Pitch
|
|
Batting: RHB Jeff Burroughs
|
0-0: Ball 1-0: Called Strike 1-1: Ball 2-1: DOUBLE (Line Drive, 9LM, EV 105.6 MPH) Willie Aikens to third Runner from 3rd tries for Home, SAFE, throw by RF to home
|
|
Pitching: LHP Richard Broas
|
|
|
Batting: LHB George Brett
|
0-0: Called Strike 0-1: Called Strike 0-2: TRIPLE (Flyball, 89XD, EV 86.9 MPH) Jeff Burroughs scores
|
|
Batting: LHB Karl Pagel
|
0-0: Ball 1-0: Called Strike 1-1: Foul Ball, location: 2F 1-2: Ball 2-2: Foul Ball, location: 2F 2-2: Ball 3-2: Foul Ball, location: 2F 3-2: Strikes out looking
|
|
Batting: SHB Reggie Smith
|
0-0: Called Strike 0-1: Foul Ball, location: 2F 0-2: Ball 1-2: Ball 2-2: Ball 3-2: Ground out 6-3 (Groundball, 6, EV 80.0 MPH)
|
| Bottom of the 7th over - 2 runs, 2 hits, 0 errors, 1 left on base; California 1 - Boston 6 |
| TOP OF THE 8TH |
|
California Angels batting - Pitching for Boston Red Sox : LHP Dom Chiti
|
|
Pitching: RHP Don Sutton
|
|
|
Batting: SHB Jon Hernandez
|
0-0: Called Strike 0-1: Called Strike 0-2: Ball 1-2: Foul Ball, location: 2F 1-2: Ball 2-2: Foul Ball, location: 2F 2-2: Foul Ball, location: 2F 2-2: Fly out, F8 (Flyball, 8RXD, EV 83.8 MPH)
|
|
Batting: LHB Jason D Thompson
|
0-0: Called Strike 0-1: Foul Ball, location: 2F 0-2: Foul Ball, location: 2F 0-2: Ball 1-2: Reached on error, E6 (Groundball, 6, EV 88.8 MPH)
|
|
Batting: RHB Charlie Moore
|
0-0: DOUBLE (Groundball, 5L, EV 108.8 MPH) Jason D Thompson scores
|
|
Batting: RHB Carlos Pimentel
|
0-0: Fly out, F9 (Flyball, 9, EV 81.3 MPH)
|
|
Batting: LHB Brian Rosinski
|
0-0: Ball 1-0: Ball 2-0: Foul Ball, location: 2F 2-1: Fly out, F8 (Flyball, 8LM, EV 83.1 MPH)
|
| Top of the 8th over - 1 run, 1 hit, 1 error, 1 left on base; California 2 - Boston 6 |
| BOTTOM OF THE 8TH |
|
Boston Red Sox batting - Pitching for California Angels : LHP Richard Broas
|
|
Batting: SHB Dave Collins
|
0-0: Called Strike 0-1: Called Strike 0-2: Ball 1-2: Ball 2-2: Foul Ball, location: 2F 2-2: Foul Ball, location: 2F 2-2: SINGLE (Line Drive, 4M, EV 100.6 MPH)
|
|
Batting: SHB Phil Ouellette
|
0-0: Swinging Strike 0-1: Ball Wild Pitch! Dave Collins to second 1-1: Ball 2-1: Foul Ball, location: 2F 2-2: Foul Ball, location: 2F 2-2: Foul Ball, location: 2F 2-2: Ball 3-2: Foul Ball, location: 2F 3-2: Ground out 6-3 (Groundball, 6, EV 108.8 MPH)
|
|
Pitching: RHP Eric Prevost
|
|
|
Batting: SHB Nelson Norman
|
0-0: Called Strike 0-1: Ball 1-1: Foul Ball, location: 2F 1-2: Foul Ball, location: 2F 1-2: Ball 2-2: Ground out U3 (Groundball, 3, EV 85.6 MPH) Dave Collins to third
|
|
Batting: RHB Richie Zisk
|
0-0: Ball 1-0: Ball 2-0: Swinging Strike 2-1: Swinging Strike 2-2: Ball 3-2: Base on Balls
|
|
Batting: LHB Willie Aikens
|
0-0: SINGLE (Groundball, 4MD, EV 103.8 MPH) Dave Collins scores Richie Zisk to second Runner from 2nd tries for 3rd, SAFE, no throw by CF
|
|
Batting: RHB Jeff Burroughs
|
0-0: Ball 1-0: Foul Ball, location: 2F 1-1: Foul Ball, location: 2F 1-2: Strikes out swinging
|
| Bottom of the 8th over - 1 run, 2 hits, 0 errors, 2 left on base; California 2 - Boston 7 |
| TOP OF THE 9TH |
|
California Angels batting - Pitching for Boston Red Sox : RHP Don Sutton
|
|
Now at 2B: Harry Chappas
|
|
|
Now in RF: Daryl Sconiers
|
|
|
Batting: SHB Manny Castillo
|
0-0: Ground out 5-3 (Groundball, 56, EV 85.6 MPH)
|
|
Batting: SHB Ignacio Medina
|
0-0: Fly out, F8 (Flyball, 78D, EV 93.1 MPH)
|
|
Batting: RHB Jeff Atherton
|
0-0: SINGLE (Groundball, 56D, EV 102.5 MPH)
|
|
Batting: RHB Frank White
|
0-0: Called Strike 0-1: Foul Ball, location: 2F 0-2: Foul Ball, location: 2F 0-2: Ground out 5-3 (Groundball, 56S, EV 85.6 MPH)
|
| Top of the 9th over - 0 runs, 1 hit, 0 errors, 1 left on base; California 2 - Boston 7 |
|